 Dungeon Crawl Stone Soup version 0.24-a0-280-g7cec4da (webtiles) character file.

Game seed: 4609525392637439787

574 relicbr the Reanimator (level 7, -1/46 HPs)
             Began as a Mummy Necromancer on May 5, 2019.
             Slain by a human
             ... wielding a +0 long sword
              (2 damage)
             ... on level 7 of the Dungeon.
             The game lasted 00:12:02 (3159 turns).

relicbr the Reanimator (Mummy Necromancer)          Turns: 3159, Time: 00:12:02

Health: -1/46      AC:  3    Str: 11    XL:     7   Next: 12%
Magic:  0/12       EV: 12    Int: 16    God:
Gold:   139        SH:  0    Dex: 13    Spells: 7/12 levels left

rFire    x . .     SeeInvis +   l - +1 falchion (drain)
rCold    + . .     Gourm    .   (no shield)
rNeg     + + +     Faith    .   c - +0 robe
rPois    ∞         Spirit   .   (no helmet)
rElec    .         Reflect  .   (no cloak)
rCorr    .         Harm     .   (no gloves)
MR       .....                  e - +0 pair of boots
Stlth    ++........             (no amulet)
HPRegen  0.15/turn              a - ring of see invisible
MPRegen  0.13/turn              (no ring)

@: no status effects
A: no food or potions, fire vulnerability, cold resistance 1, negative energy
resistance 3, torment resistance, unbreathing
a: no special abilities


You were on level 7 of the Dungeon.
You were not hungry.

You visited 1 branch of the dungeon, and saw 5 of its levels.

You collected 139 gold pieces.

Inventory:

Hand Weapons
 b - a +0 blowgun
 l - a +1 falchion of draining (weapon)
Missiles
 k - 17 poisoned needles
Armour
 c - a +0 robe (worn)
 e - a +0 pair of boots (worn)
Jewellery
 a - a ring of see invisible (left hand)
Wands
 d - a wand of disintegration (13)
Scrolls
 f - 2 scrolls of remove curse
 g - 2 scrolls of blinking
 h - a scroll of teleportation {unknown}
 i - a scroll of immolation {unknown}
 j - a scroll of noise {unknown}


   Skills:
 - Level 1.5 Dodging
 - Level 1.5 Stealth
 - Level 3.3 Spellcasting
 * Level 8.5 Necromancy


You had 7 spell levels left.
You knew the following spells:

 Your Spells              Type           Power        Failure   Level  Hunger
a - Pain                  Necr           ####         1%          1    N/A
b - Animate Dead          Necr           N/A          5%          4    N/A

Your spell library contained the following spells:

 Spells                   Type           Power        Failure   Level  Hunger
 Animate Skeleton         Necr           N/A          1%          1    N/A
 Vampiric Draining        Necr           ####......   1%          3    N/A
 Regeneration             Chrm/Necr      Unusable     N/A         3    N/A

Dungeon Overview and Level Annotations

Branches:
Dungeon (7/15)
 Temple: D:4-7

Altars:
Okawaru
Ru

Annotations:
D:6 Grinder


Innate Abilities, Weirdness & Mutations

You do not eat or drink.
Your flesh is vulnerable to fire.
You are immune to poison.
Your flesh is cold resistant. (rC+)
You are immune to negative energy. (rN+++)
You are immune to unholy pain and torment.
You can survive without breathing.


Message History

You closely miss the human.
The human is severely wounded.
The human hits you with a +0 long sword.
* * * LOW HITPOINT WARNING * * *
Casting: Pain (safe; 1% risk of failure)
Confirm with . or Enter, or press ? or * to list all spells.
Aiming: Pain (safe; 1% risk of failure)
Press: ? - help, Shift-Dir - straight line, f/p - human
Aim: a human, wielding a +0 long sword and wearing a +0 ring mail (severely wounded, chance to defeat MR: 84%)
The human writhes in agony!
The human hits you with a +0 long sword.
* * * LOW HITPOINT WARNING * * *
An orc and an orc warrior come into view.
The orc warrior shouts!
You hear a shout!
The orc moves out of view.
You hear a shout!
The human hits you with a +0 long sword.
* * * LOW HITPOINT WARNING * * *
The human hits you with a +0 long sword.
You die...

### #.# .#
#.######.# .#
..o......## .#
#.p.# #.#
#.#@###.### #
#..........
#.#.##..###.###
#...........#
#..###.###..# .
##..# #)#
#.)####....
<..#$#)#.#.......#
..#.....#..######
#.#.._..#..#


You could see a human.

Vanquished Creatures
  A troll (D:7)
  A human (D:7)
  A bullfrog (D:6)
  A scorpion (D:7)
  A hound (D:7)
  7 adders
  An ooze (D:3)
  3 worms (D:2)
  2 leopard geckos
  3 orcs
  2 giant cockroaches (D:1)
  4 goblins
  12 hobgoblins
  A ball python (D:1)
  8 bats
  2 frilled lizards
  6 kobolds
  6 rats
62 creatures vanquished.

Vanquished Creatures (collateral kills)
  2 orcs (D:7)
2 creatures vanquished.

Grand Total: 64 creatures vanquished

Notes
Turn   | Place    | Note
-------+----------+-------------------------------------------
     0 | D:1      | relicbr the Mummy Necromancer began the quest for the Orb.
     0 | D:1      | Reached XP level 1. HP: 13/13 MP: 4/4
   407 | D:1      | Reached XP level 2. HP: 19/19 MP: 1/5
   894 | D:2      | Reached XP level 3. HP: 24/24 MP: 4/7
   928 | D:2      | Reached skill level 5 in Necromancy
  1577 | D:2      | Reached XP level 4. HP: 30/30 MP: 6/9
  1701 | D:2      | Found a sacrificial altar of Ru.
  2497 | D:3      | Reached skill level 6 in Necromancy
  2531 | D:3      | You fall through a shaft for 3 floors!
  2532 | D:6      | Noticed a bullfrog
  2535 | D:6      | Noticed Grinder
  2539 | D:6      | Killed a bullfrog
  2539 | D:6      | Reached XP level 5. HP: 8/35 MP: 1/10
  2873 | D:7      | Learned a level 4 spell: Animate Dead
  2956 | D:7      | Reached skill level 7 in Necromancy
  2956 | D:7      | Reached XP level 6. HP: 41/41 MP: 2/11
  3024 | D:7      | Noticed a troll
  3037 | D:7      | Killed a troll
  3128 | D:7      | Found an iron altar of Okawaru.
  3131 | D:7      | Noticed a human
  3131 | D:7      | Noticed a human
  3144 | D:7      | Killed a human
  3144 | D:7      | Reached skill level 8 in Necromancy
  3144 | D:7      | Reached XP level 7. HP: 30/46 MP: 3/12
  3157 | D:7      | HP: 1/46 [human/+0 long sword (4)]
  3159 | D:7      | Slain by a human

Levels and vault maps discovered:
D:1:      dpeg_arrival_tiny_g, layout_basic
D:2:      layout_basic, marbit_many_paths
D:3:      layout_loops_corners, minmay_liquid_box, minmay_misc_feat_iff
D:6:      layout_rooms, lemuel_zombie_altar_yredelemnul, kennysheep_little_box,
          bloody_trog, serial_shops, shop, basic_altar, grunt_tough_drop,
          uniq_blork_the_orc, uniq_eustachio, uniq_edmund, uniq_menkaure,
          uniq_grinder
D:7:      layout_loops_ring, grunt_temple_overflow_growth_and_decay,
          basic_altar, okawaru_humans, uniq_harold, uniq_crazy_yiuf_cottage

Skill      XL: |  1  2  3  4  5  6 |
---------------+-------------------+-----
Spellcasting   | 3 |  3.3
Necromancy     | 5 6 7 8 |  8.5
Dodging        | |  1.5
Stealth        | |  1.5

Action                   |  1- 3 |  4- 6 |  7- 9 || total
-------------------------+-------+-------+-------++-------
Melee: Dagger            |    36 |    11 |       ||    47
       Falchion          |       |     5 |     1 ||     6
 Cast: Pain              |    65 |    79 |     6 ||   150
       Animate Dead      |       |     4 |       ||     4
  Use: Scroll            |       |     2 |       ||     2
 Stab: Sleeping          |     1 |     1 |       ||     2
Armor: Robe              |     9 |     4 |       ||    13
Dodge: Dodged            |    28 |    28 |     1 ||    57
       Rpst.: Falchion   |       |     8 |     1 ||     9

Table legend:
 A = Non-vault XP
 B = Vault XP
 C = Vault XP percentage of total XP
 D = Non-vault monster count
 E = Vault monster count
 F = Vault count percentage of total count
                 A         B        C        D         E       F
            +---------+---------+-------+---------+---------+-------
      Total |     609 |     212 |  25.8 |      62 |       2 |   3.1
            +---------+---------+-------+---------+---------+-------
        D:1 |      24 |       0 |   0.0 |      15 |       0 |   0.0
        D:2 |      89 |       2 |   2.2 |      19 |       1 |   5.0
        D:3 |      62 |       0 |   0.0 |      20 |       0 |   0.0
        D:6 |      93 |       0 |   0.0 |       1 |       0 |   0.0
        D:7 |     341 |     210 |  38.1 |       7 |       1 |  12.5
            +---------+---------+-------+---------+---------+-------
